[Event "Titled Tuesday Blitz June 6 Early 2023"]
[White "Moral Garcia, Serafin"]
[Black "Aradhya, Garg"]
[WhiteFideId "2201925"]
[BlackFideId "25006746"]
[WhiteElo "2274"]
[BlackElo "2263"]
[Result "0-1"]
[Round "6"]
[TimeControl "180+2"]
[Date "2023.06.06"]
[WhiteClock "0:00:17"]
[BlackClock "0:00:18"]
[Board "38"]

1. Nf3 d5 2. b3 Nf6 3. Bb2 Bf5 4. Nh4 Bg4 5. h3 Bh5 6. g4 Bg6 7. d3 e6 8. Nxg6 hxg6 9. Bg2 Be7 10. e3 c5 11. Nd2 Nc6 12. f4 d4 13. e4 e5 14. f5 Nd7 15. Nf3 gxf5 16. exf5 Nb6 17. Qe2 f6 18. Nd2 Nd5 19. Bxd5 Qxd5 20. Qe4 O-O-O 21. Qxd5 Rxd5 22. a3 Rdd8 23. Kf2 Rh7 24. h4 Bd6 25. Ne4 Ne7 26. Bc1 Nd5 27. Bd2 Kc7 28. h5 Be7 29. Rh3 b5 30. a4 b4 31. Rah1 Kc6 32. h6 Rg8 33. hxg7 Rhxg7 34. g5 fxg5 35. Rh6+ Kc7 36. f6 Nxf6 37. Nxf6 Rf8 38. Kg3 Rxf6 39. Rxf6 Bxf6 40. Kg4 Bd8 41. Rf1 Rh7 42. Rf8 Rh2 43. Be1 Rxc2 44. Bg3 Rc3 45. Bxe5+ Kd7 46. Rf7+ Ke6 47. Rf8 Kxe5 48. Rxd8 Rxb3 49. Ra8 Rxd3 50. Rxa7 Ra3 51. Rc7 Kd6 52. Rc8 Rxa4 0-1


[Site "https://www.chess.com"]

[Event "Titled Tuesday Blitz June 6 Early 2023"]
[White "Itgelt, Khuyagtsogt"]
[Black "Sharan, Rao"]
[WhiteFideId "4902912"]
[BlackFideId "5073464"]
[WhiteElo "2227"]
[BlackElo "2149"]
[Result "1-0"]
[Round "6"]
[TimeControl "180+2"]
[Date "2023.06.06"]
[WhiteClock "0:00:11"]
[BlackClock "0:00:05"]
[Board "39"]

1. d4 d5 2. Nf3 e6 3. g3 c5 4. c4 Nc6 5. Bg2 Nf6 6. O-O cxd4 7. Nxd4 Bc5 8. Nb3 Be7 9. cxd5 exd5 10. Nc3 Be6 11. Bg5 O-O 12. Rc1 h6 13. Bf4 Rc8 14. Nb5 a6 15. N5d4 Nxd4 16. Nxd4 Qb6 17. Nxe6 fxe6 18. Qb3 Qxb3 19. axb3 Kf7 20. h3 g5 21. Bd2 e5 22. e3 Ke6 23. Rfd1 Rc6 24. Rxc6+ bxc6 25. Ra1 Rb8 26. Rxa6 Rxb3 27. Rxc6+ Kd7 28. Rc2 Bd8 29. Bc3 Kd6 30. Rd2 Ke6 31. Kf1 Bb6 32. Ke2 h5 33. h4 g4 34. Kd1 Ba7 35. Kc2 Rb5 36. Rd1 Rb7 37. Ra1 Rc7 38. Ra6+ Kf5 39. Kd3 Rd7 40. b4 d4 41. e4+ Kg6 42. Bd2 Kf7 43. f4 gxf3 44. Bxf3 Bb8 45. Bd1 Rd6 46. b5 Rxa6 47. bxa6 Ke6 48. Bb4 Ba7 49. Bb3+ Kd7 50. Bd5 Kc7 51. Ba5+ Kd6 52. Kc4 Nxd5 53. exd5 e4 54. Bb4+ Ke5 55. d6 Ke6 56. Bc5 Bxc5 57. Kxc5 d3 58. a7 d2 59. a8=Q d1=Q 60. Qe8+ Kf5 61. Qf7+ Kg4 62. Qf4+ Kh3 63. Qxe4 Kxg3 64. Qd4 Qc1+ 65. Kb4 Qb1+ 66. Kc4 Qa2+ 67. Kd3 Qb1+ 68. Kc4 Qa2+ 69. Kc5 Qa3+ 70. Kd5 Qb3+ 71. Ke5 Qb5+ 72. Kf6 Qc6 73. Qe5+ Kxh4 74. Ke7 Kg4 75. d7 Qb7 76. Ke8 Qc6 77. Ke7 Qb7 78. Qe6+ Kg3 79. Qg8+ Kh3 80. Qc8 Qb4+ 81. Ke8 Qb5 82. Kf7 Qd5+ 83. Ke7 Qe5+ 84. Kf8 Qf6+ 85. Ke8 Qe6+ 86. Kd8 Qf6+ 87. Kc7 Qe5+ 88. Kb7 Qd5+ 89. Qc6 Qb3+ 90. Kc8 Qg8+ 91. d8=Q Qg4+ 92. Qdd7 Qxd7+ 93. Kxd7 Kg3 94. Qh1 h4 95. Ke6 h3 96. Ke5 h2 97. Ke4 1-0


[Site "https://www.chess.com"]

[Event "Titled Tuesday Blitz June 6 Early 2023"]
[White "Abdilkhair, Abilmansur"]
[Black "Streltsov, Alexey"]
[WhiteFideId "13716417"]
[BlackFideId "24104434"]
[WhiteElo "2210"]
[BlackElo "2547"]
[Result "1-0"]
[Round "6"]
[TimeControl "180+2"]
[Date "2023.06.06"]
[WhiteClock "0:00:50"]
[BlackClock "0:00:10"]
[Board "40"]

1. e4 c6 2. d4 d5 3. Nc3 dxe4 4. Nxe4 Nf6 5. Nxf6+ exf6 6. c3 Bd6 7. Bd3 Na6 8. Ne2 Nc7 9. O-O O-O 10. Qc2 g6 11. Bh6 Re8 12. Rfe1 Nd5 13. a3 Bg4 14. f3 f5 15. Qd2 Qh4 16. Ng3 f4 17. Ne4 Be7 18. Bxf4 Nxf4 19. Qxf4 Bf5 20. Qxh4 Bxh4 21. g3 Bxe4 22. fxe4 Bg5 23. e5 h5 24. Rf1 Re7 25. h4 Be3+ 26. Kg2 Rd8 27. Bc4 c5 28. Rf6 Kg7 29. Raf1 Rdd7 30. e6 fxe6 31. Bd3 e5 32. Rxg6+ Kh7 33. Bf5 Rc7 34. d5 Rf7 35. d6 Rc8 36. Rf6+ 1-0


[Site "https://www.chess.com"]

[Event "Titled Tuesday Blitz June 6 Early 2023"]
[White "Amilal Munkhdalai"]
[Black "Zheenbekov, Nurgazy"]
[WhiteFideId "4903250"]
[BlackFideId "13800485"]
[WhiteElo "2293"]
[BlackElo "1975"]
[Result "1/2-1/2"]
[Round "6"]
[TimeControl "180+2"]
[Date "2023.06.06"]
[WhiteClock "0:01:13"]
[BlackClock "0:00:20"]
[Board "41"]

1. e4 e5 2. Nf3 Nc6 3. Bb5 a6 4. Ba4 Nf6 5. d3 b5 6. Bb3 Be7 7. O-O O-O 8. Re1 d6 9. c3 Na5 10. Bc2 c5 11. d4 Bg4 12. d5 c4 13. h3 Bd7 14. b4 cxb3 15. axb3 h6 16. Be3 Qc7 17. Bd3 Nh7 18. Qc2 Nb7 19. b4 a5 20. Na3 axb4 21. cxb4 Qxc2 22. Nxc2 Ra4 23. Rxa4 bxa4 24. Na3 Rb8 25. Rc1 Bd8 26. Ba6 f5 27. Ba7 Ra8 28. Bxb7 Rxa7 29. Bc8 fxe4 30. Nd2 Nf6 31. Bxd7 Rxd7 32. b5 Bb6 33. Rc6 e3 34. Ndc4 exf2+ 35. Kf1 Bd4 36. Nc2 Bc5 37. Nxe5 Rb7 38. Nd3 Rxb5 39. Nxc5 Rxc5 40. Rxc5 dxc5 41. d6 Kf7 42. Kxf2 Ke6 43. Ke3 Kxd6 44. Kd3 Kd5 45. Ne3+ Kc6 46. Nf5 Ne8 47. Kc3 h5 48. g4 hxg4 49. hxg4 g5 50. Nh6 Nf6 51. Nf7 Ne4+ 52. Kb2 Kd5 53. Ka3 c4 54. Kxa4 Kd4 55. Ka3 c3 56. Kb3 Kd3 57. Ne5+ Kd2 58. Nf3+ Ke3 59. Nxg5 Nxg5 60. Kxc3 Kf4 61. Kb4 Kxg4 1/2-1/2


[Site "https://www.chess.com"]

[Event "Titled Tuesday Blitz June 6 Early 2023"]
[White "Begmuratov, Alisher"]
[Black "Shapiro, Viktor"]
[WhiteFideId "14203367"]
[BlackFideId "4175700"]
[WhiteElo "2387"]
[BlackElo "2212"]
[Result "1-0"]
[Round "6"]
[TimeControl "180+2"]
[Date "2023.06.06"]
[WhiteClock "0:01:22"]
[BlackClock "0:02:01"]
[Board "43"]

1. c4 Nf6 2. Nf3 c5 3. g3 Nc6 4. Bg2 g6 5. b3 Bg7 6. Bb2 O-O 7. O-O d6 8. d4 cxd4 9. Nxd4 Bd7 10. Nc3 Rc8 11. Rc1 a6 12. Qd2 Qa5 13. Rfd1 Nxd4 14. Qxd4 b5 15. cxb5 axb5 16. b4 Qa6 17. Nd5 Rxc1 18. Nxe7+ Kh8 19. Qxf6 Rxd1+ 20. Bf1 Rxf1+ 21. Kxf1 Bh3+ 22. Kg1 Bxf6 23. Bxf6# 1-0


[Site "https://www.chess.com"]

[Event "Titled Tuesday Blitz June 6 Early 2023"]
[White "Korchmar, Vasiliy"]
[Black "zsizsi99"]
[WhiteFideId "24131750"]
[WhiteElo "2370"]
[BlackElo "2440"]
[Result "1-0"]
[Round "6"]
[TimeControl "180+2"]
[Date "2023.06.06"]
[WhiteClock "0:00:06"]
[BlackClock "0:00:05"]
[Board "44"]

1. e4 c5 2. Nf3 d6 3. d4 cxd4 4. Nxd4 Nf6 5. Nc3 a6 6. Be2 e5 7. Nb3 Be7 8. O-O O-O 9. Be3 b6 10. Bf3 Bb7 11. Qd2 Nbd7 12. Rfd1 Qc7 13. Rac1 Rac8 14. h3 Nc5 15. Nd5 Nfxe4 16. Bxe4 Nxe4 17. Nxc7 Nxd2 18. Rxd2 Rxc7 19. Bxb6 Rd7 20. Nc5 Bc6 21. Nxd7 Bxd7 22. Rcd1 Be6 23. Bc7 d5 24. Bxe5 Rc8 25. c3 f6 26. Bg3 Rc5 27. Re2 Kf7 28. Rde1 Rc6 29. Bf4 Bc5 30. Be3 Bxe3 31. Rxe3 Rb6 32. R1e2 a5 33. Rxe6 Rxe6 34. Rxe6 Kxe6 35. Kf1 d4 36. c4 d3 37. Ke1 Ke5 38. Kd2 Kd4 39. b3 f5 40. h4 f4 41. h5 g5 42. f3 h6 43. a3 g4 44. fxg4 Ke4 45. c5 Kd5 46. g5 hxg5 47. Kxd3 g4 48. h6 Kxc5 49. h7 g3 50. Ke2 f3+ 51. Kxf3 1-0


[Site "https://www.chess.com"]

[Event "Titled Tuesday Blitz June 6 Early 2023"]
[White "Kramnik, Vladimir"]
[Black "brm72"]
[WhiteFideId "4101588"]
[WhiteElo "2703"]
[BlackElo "2573"]
[Result "1-0"]
[Round "6"]
[TimeControl "180+2"]
[Date "2023.06.06"]
[WhiteClock "0:00:17"]
[BlackClock "0:00:04"]
[Board "45"]

1. e4 c5 2. Nf3 d6 3. d4 cxd4 4. Nxd4 Nf6 5. Nc3 a6 6. Bc4 e6 7. Be3 b5 8. Bb3 Be7 9. a3 O-O 10. f3 Qc7 11. g4 Nc6 12. g5 Ne8 13. h4 Nxd4 14. Qxd4 Bd7 15. h5 a5 16. f4 Bc6 17. h6 e5 18. Qd3 Qd7 19. f5 g6 20. Nd5 Bxd5 21. Bxd5 Rc8 22. O-O-O Nc7 23. Ba2 b4 24. f6 Bd8 25. Qxd6 Qg4 26. Kb1 bxa3 27. Bc5 Re8 28. Bxa3 Qxe4 29. Qd7 1-0


[Site "https://www.chess.com"]

[Event "Titled Tuesday Blitz June 6 Early 2023"]
[White "Pranav Anand"]
[Black "Diaz Rosas, Julio Cesar"]
[WhiteFideId "46626786"]
[BlackFideId "5105099"]
[WhiteElo "2389"]
[BlackElo "2284"]
[Result "1-0"]
[Round "6"]
[TimeControl "180+2"]
[Date "2023.06.06"]
[WhiteClock "0:00:19"]
[BlackClock "0:00:01"]
[Board "46"]

1. d4 d5 2. c4 e6 3. Nc3 Nf6 4. cxd5 exd5 5. Bf4 Bd6 6. e3 O-O 7. Bg5 c6 8. Bd3 h6 9. Bh4 Re8 10. Nge2 Be7 11. Qc2 Nh5 12. Bxe7 Qxe7 13. h3 Nd7 14. g4 Nhf6 15. Ng3 g6 16. O-O-O b5 17. h4 Nxg4 18. h5 g5 19. Nf5 Qf8 20. Rde1 Nb6 21. Rhg1 Nf6 22. f4 g4 23. Qf2 b4 24. Ne2 Bxf5 25. Bxf5 Kh8 26. Kb1 Nc4 27. Ng3 Rab8 28. Bd3 Nd6 29. Qc2 a5 30. Nf1 Nde4 31. Nh2 a4 32. Qxa4 b3 33. a3 Qd6 34. Nxg4 Nxg4 35. Bxe4 Rxe4 36. Rxg4 Qe6 37. Rg3 Qf5 38. Ka1 Re6 39. Qa7 Rbe8 40. Reg1 R6e7 41. Qb6 Qf6 42. Qxb3 Qf5 43. Qc3 Kh7 44. Qxc6 Re6 45. Rg7+ Kh8 46. Qc7 R6e7 47. Qc5 Re6 48. R7g3 Qxh5 49. Qc7 Qf5 50. Rh1 Kh7 51. Qc1 R8e7 52. Qg1 Rg6 53. Qh2 Ree6 54. Rh3 Kg7 55. Rh5 1-0


[Site "https://www.chess.com"]

[Event "Titled Tuesday Blitz June 6 Early 2023"]
[White "Gorovets, Andrey"]
[Black "Iskusnyh, Sergei"]
[WhiteFideId "13504037"]
[BlackFideId "4120027"]
[WhiteElo "2459"]
[BlackElo "2492"]
[Result "1/2-1/2"]
[Round "6"]
[TimeControl "180+2"]
[Date "2023.06.06"]
[WhiteClock "0:01:07"]
[BlackClock "0:00:34"]
[Board "47"]

1. Nf3 d5 2. g3 Nf6 3. Bg2 c6 4. c4 Bf5 5. Qb3 Qb6 6. d3 e6 7. Be3 Qa6 8. Nc3 Nbd7 9. cxd5 exd5 10. O-O Be7 11. Bd4 O-O 12. Rfe1 Bc5 13. e4 dxe4 14. dxe4 Bg4 15. Rad1 Qb6 16. Qxb6 axb6 17. e5 Bxf3 18. Bxf3 Bxd4 19. exf6 Bxc3 20. fxg7 Bxg7 21. Rxd7 Rxa2 22. Rxb7 Rxb2 23. Bxc6 Bd4 24. Rf1 Rd8 25. Kg2 Rd6 26. Bf3 b5 27. g4 h6 28. h4 b4 29. Be4 Rf6 30. Bf5 h5 31. Kg3 hxg4 32. Kxg4 Rxf2 33. Rxf2 Bxf2 34. Rxb4 Bxh4 1/2-1/2


[Site "https://www.chess.com"]

[Event "Titled Tuesday Blitz June 6 Early 2023"]
[White "Garcia Blanco, Omar"]
[Black "Tejedor Fuente, Enrique"]
[WhiteFideId "2287153"]
[BlackFideId "2299100"]
[WhiteElo "2356"]
[BlackElo "2496"]
[Result "0-1"]
[Round "6"]
[TimeControl "180+2"]
[Date "2023.06.06"]
[WhiteClock "0:00:52"]
[BlackClock "0:01:02"]
[Board "48"]

1. e4 d6 2. d4 Nd7 3. Nf3 e5 4. c3 c6 5. Bd3 Be7 6. O-O Ngf6 7. Re1 O-O 8. a4 a5 9. Na3 Re8 10. h3 Qc7 11. Be3 b6 12. Qb3 Bf8 13. Rad1 h6 14. Nh4 d5 15. exd5 e4 16. d6 Bxd6 17. Bc4 Nf8 18. d5 cxd5 19. Bxd5 Nxd5 20. Qxd5 Bxa3 21. Qxa8 Bxb2 22. Nf5 Bxc3 23. Rc1 Qe5 24. f4 exf3 25. Bd2 f2+ 26. Kxf2 Qxf5+ 27. Kg1 Bxd2 28. Rxe8 Bxc1 29. Rxc8 Be3+ 30. Kh2 Qf4+ 31. Kh1 Qf1+ 32. Kh2 Bg1+ 33. Kg3 Qf2+ 0-1


[Site "https://www.chess.com"]

[Event "Titled Tuesday Blitz June 6 Early 2023"]
[White "Pulpan, Jakub"]
[Black "Terletsky, Oleg"]
[WhiteFideId "302759"]
[BlackFideId "14116774"]
[WhiteElo "2484"]
[BlackElo "2126"]
[Result "0-1"]
[Round "6"]
[TimeControl "180+2"]
[Date "2023.06.06"]
[WhiteClock "0:01:02"]
[BlackClock "0:01:38"]
[Board "49"]

1. d4 Nf6 2. c4 g6 3. Nc3 Bg7 4. e4 d6 5. Nge2 a6 6. a4 a5 7. f3 O-O 8. Bg5 Nc6 9. d5 Nb4 10. Ng3 c6 11. Qd2 cxd5 12. cxd5 e6 13. dxe6 Bxe6 14. Bb5 h6 15. Be3 d5 16. e5 Nh7 17. f4 d4 18. Rd1 dxe3 19. Qxe3 Nc2+ 0-1


[Site "https://www.chess.com"]

[Event "Titled Tuesday Blitz June 6 Early 2023"]
[White "Koshulyan, Egor A."]
[Black "Hajiyev, Kanan"]
[WhiteFideId "24237000"]
[BlackFideId "13404148"]
[WhiteElo "2216"]
[BlackElo "2115"]
[Result "1-0"]
[Round "6"]
[TimeControl "180+2"]
[Date "2023.06.06"]
[WhiteClock "0:00:36"]
[BlackClock "0:00:02"]
[Board "50"]

1. e4 c6 2. d4 d5 3. e5 a6 4. f4 Bf5 5. Nf3 e6 6. Be2 c5 7. c3 Nc6 8. O-O Qb6 9. Kh1 cxd4 10. cxd4 Bg4 11. Be3 Qxb2 12. Nbd2 Qc3 13. Bf2 Ba3 14. Rb1 b5 15. Nb3 Nh6 16. Be1 Qe3 17. Bd2 Qe4 18. Re1 Qg6 19. h3 Bf5 20. Nh4 Qg3 21. Nxf5 Nxf5 22. Bg4 O-O 23. Re2 Ncxd4 24. Nxd4 Nxd4 25. Re3 Qxf4 26. Rxa3 Qxe5 27. Bc3 Qd6 28. Bb4 Qf4 29. Bxf8 Rxf8 30. Rxa6 h5 31. Rb4 e5 32. Bxh5 g6 33. Bg4 Kg7 34. Ra3 Rh8 35. Rf3 Qe4 36. Rf2 Qe3 37. Rbb2 f5 38. Bxf5 Nxf5 39. Qxd5 Ng3+ 40. Kh2 Qf4 41. Rxf4 exf4 42. Qd4+ Kh7 43. Qxf4 Nf5 44. Rxb5 Rf8 45. Rb7+ Kg8 46. Qc7 Re8 47. Qh7+ Kf8 48. Qh8# 1-0


[Site "https://www.chess.com"]

[Event "Titled Tuesday Blitz June 6 Early 2023"]
[White "Ronka, Erik"]
[Black "Papasimakopoulos, Alexandros"]
[WhiteFideId "505080"]
[BlackFideId "4244125"]
[WhiteElo "2264"]
[BlackElo "2359"]
[Result "0-1"]
[Round "6"]
[TimeControl "180+2"]
[Date "2023.06.06"]
[WhiteClock "0:00:03"]
[BlackClock "0:00:54"]
[Board "51"]

1. e4 e6 2. d4 d5 3. Nc3 Bb4 4. e5 c5 5. a3 Bxc3+ 6. bxc3 Nc6 7. Qg4 g6 8. Nf3 Bd7 9. h4 h6 10. Be2 Qa5 11. Bd2 c4 12. Qf4 Qa4 13. Ra2 Rh7 14. O-O O-O-O 15. Rb1 Rf8 16. Bd1 f5 17. exf6 Nxf6 18. Qd6 Rff7 19. Rxb7 Kxb7 20. Rb2+ Ka6 21. Qc7 Be8 22. Qc8+ Rb7 23. Rxb7 Rxb7 24. Qxe6 Ne4 25. Qxd5 Nxd2 26. Nxd2 Na5 27. Bf3 Bc6 28. Qd6 Rb6 29. Qc5 Qb5 30. Qe7 Bxf3 31. Nxf3 Rb7 32. Qe3 Qd5 33. Ne5 Nc6 34. Nxc6 Qxc6 35. Qxh6 Ka5 36. h5 Rb6 37. hxg6 Qxg6 38. Qf8 Qd6 39. Qc8 Qc6 40. Qg4 Ka4 41. f3 Kxa3 42. Qg8 Kb2 43. d5 Qc5+ 44. Kh1 Rh6# 0-1


[Site "https://www.chess.com"]

[Event "Titled Tuesday Blitz June 6 Early 2023"]
[White "Liu, Casper"]
[Black "Quintiliano Pinto, Renato R."]
[WhiteFideId "1454153"]
[BlackFideId "2117568"]
[WhiteElo "2221"]
[BlackElo "2459"]
[Result "0-1"]
[Round "6"]
[TimeControl "180+2"]
[Date "2023.06.06"]
[WhiteClock "0:00:03"]
[BlackClock "0:01:02"]
[Board "52"]

1. e4 c5 2. Nc3 Nc6 3. f4 g6 4. Nf3 Bg7 5. Bc4 e6 6. O-O Nge7 7. d3 d5 8. exd5 exd5 9. Bb3 O-O 10. Qe1 Na5 11. Qh4 Nxb3 12. axb3 Nf5 13. Qxd8 Rxd8 14. Re1 Be6 15. Ng5 Nd4 16. Nxe6 fxe6 17. Ra5 b6 18. Ra6 Nxc2 19. Rxe6 Nb4 20. Ra1 Nxd3 21. Nb5 a6 22. Nc3 c4 23. Bd2 Nc5 24. Re7 Nxb3 25. Rd1 d4 26. Ne4 Re8 27. Rxe8+ Rxe8 28. Nd6 Re2 29. Nxc4 b5 30. Kf1 d3 31. Na5 Nxd2+ 0-1


[Site "https://www.chess.com"]

[Event "Titled Tuesday Blitz June 6 Early 2023"]
[White "benny_aizenberg"]
[Black "Trifan, Andrei Ioan"]
[BlackFideId "12967068"]
[WhiteElo "2713"]
[BlackElo "2208"]
[Result "1-0"]
[Round "6"]
[TimeControl "180+2"]
[Date "2023.06.06"]
[WhiteClock "0:00:04"]
[BlackClock "0:00:03"]
[Board "53"]

1. b3 b6 2. Bb2 Bb7 3. Nc3 Nf6 4. Nf3 e6 5. e3 Be7 6. Be2 O-O 7. O-O c5 8. d4 d5 9. Ne5 Nbd7 10. Nb1 Qc7 11. f4 Ne4 12. Nd2 Nxd2 13. Qxd2 f6 14. Nxd7 Qxd7 15. c4 Rad8 16. Rad1 f5 17. Bf3 dxc4 18. bxc4 Ba6 19. Qc2 cxd4 20. exd4 Rc8 21. Be2 Qc7 22. Rc1 Bf6 23. Qa4 Bb7 24. Rce1 Rfd8 25. Rd1 Qc6 26. Qxc6 Bxc6 27. Rd2 Be4 28. Rfd1 Rd7 29. Kf2 Rcd8 30. Bf3 Bxf3 31. Kxf3 Kf7 32. Ke3 a6 33. Bc3 Rc8 34. Kd3 b5 35. cxb5 axb5 36. Rb1 Rd5 37. Rb4 Be7 38. Rb3 Rc4 39. Rdb2 Bf6 40. Rxb5 Rxb5 41. Rxb5 Ra4 42. Rb7+ Kg6 43. Rb2 h5 44. Bb4 h4 45. a3 Kh5 46. Bc5 Kg4 47. Ke3 g5 48. h3+ Kh5 49. fxg5 Kxg5 50. Re2 e5 51. dxe5 Bxe5 52. Kd3 Bf6 53. Bb4 Ra8 54. Kc4 Rc8+ 55. Kb3 f4 56. Be7 Rb8+ 57. Ka2 Bxe7 58. Rxe7 Rd8 59. Re2 f3 60. gxf3 Kf4 61. Rg2 Kxf3 62. Rg4 Rb8 63. Rxh4 Kg3 64. Rb4 Rc8 65. h4 Rc2+ 66. Kb3 Rh2 67. a4 Rd2 68. a5 Rd6 69. Ka4 Rh6 70. h5 Rxh5 71. a6 Rh6 72. Ka5 Kf3 73. a7 Rh8 74. Rb8 Rh5+ 75. Ka4 Rh6 76. a8=Q+ 1-0


[Site "https://www.chess.com"]

[Event "Titled Tuesday Blitz June 6 Early 2023"]
[White "Jaskolka, Tomasz"]
[Black "Jaracz, Pawel"]
[WhiteFideId "1170791"]
[BlackFideId "1102222"]
[WhiteElo "2155"]
[BlackElo "2454"]
[Result "0-1"]
[Round "6"]
[TimeControl "180+2"]
[Date "2023.06.06"]
[WhiteClock "0:00:03"]
[BlackClock "0:00:10"]
[Board "54"]

1. d4 e6 2. Nc3 d5 3. Bf4 Bb4 4. e3 Ne7 5. Qg4 O-O 6. Qf3 b6 7. h4 c5 8. a3 Bxc3+ 9. bxc3 Ba6 10. Nh3 Bxf1 11. Kxf1 Nd7 12. g4 Rc8 13. Kg2 cxd4 14. exd4 Nf6 15. Rhe1 Ne4 16. Re3 Rc4 17. Ng5 Nxg5 18. hxg5 Ng6 19. Rh1 Qe7 20. Qg3 Rfc8 21. Rf3 Qxa3 22. Bd6 Qb2 23. Qh3 Nf8 24. g6 Qxc2 25. Bxf8 Qxg6 26. Bd6 b5 27. Ra1 Ra4 28. Rxa4 bxa4 29. Re3 h6 30. Qg3 Rc4 31. Bb4 a5 32. Qb8+ Kh7 33. Bxa5 Qxg4+ 34. Rg3 Qe4+ 35. Kh2 Qf5 36. Qb2 a3 37. Qa2 Ra4 38. Bb4 Ra8 39. Kg2 h5 0-1


[Site "https://www.chess.com"]

[Event "Titled Tuesday Blitz June 6 Early 2023"]
[White "Tristan, Leonardo"]
[Black "Arat, Ufuk Sezen"]
[WhiteFideId "113816"]
[BlackFideId "6309089"]
[WhiteElo "2461"]
[BlackElo "2289"]
[Result "1-0"]
[Round "6"]
[TimeControl "180+2"]
[Date "2023.06.06"]
[WhiteClock "0:00:05"]
[BlackClock "0:00:12"]
[Board "55"]

1. d4 Nf6 2. Nf3 d5 3. Bf4 g6 4. e3 Bg7 5. Be2 c5 6. c3 Nc6 7. O-O O-O 8. h3 Nd7 9. Nbd2 e5 10. dxe5 Ndxe5 11. Nxe5 Nxe5 12. Nf3 Nxf3+ 13. Bxf3 Be6 14. Qb3 Qb6 15. Bxd5 Bxd5 16. Qxd5 Qxb2 17. Rab1 Qxc3 18. Rxb7 Rad8 19. Qc6 Rc8 20. Qa4 c4 21. Bd6 Rfd8 22. Be7 Re8 23. Qxa7 Ra8 24. Qc5 Rac8 25. Qd5 Qe5 26. Qxe5 Bxe5 27. Rc1 c3 28. f4 Bg7 29. Rc2 Rb8 30. Rxb8 Rxb8 31. Ba3 h5 32. Kf2 h4 33. Ke2 Rb1 34. Bc5 Rg1 35. Kd3 Rd1+ 36. Kc4 Rd2 37. Kb3 Rd1 38. a4 Rb1+ 39. Kc4 Rb2 40. Kd3 Rb3 41. Bd4 Ra3 42. Bxg7 Kxg7 43. Rxc3 Rxa4 44. Ke2 f5 45. Kf3 Kh6 46. Rc8 Kg7 47. Re8 Ra1 48. Re7+ Kh6 49. Rc7 Rf1+ 50. Ke2 Rg1 51. Kf2 Ra1 52. Rc2 Ra4 53. Re2 Re4 54. Kf3 Rb4 55. e4 Rb3+ 56. Re3 fxe4+ 57. Kxe4 Rb2 58. g3 hxg3 59. Rxg3 Rb4+ 60. Kf3 Kh5 61. Rg5+ Kh6 62. Kg4 Rb1 63. Re5 Rg1+ 64. Kh4 Rg2 65. Rb5 Rg1 66. Rb6 Kh7 67. Rc6 Rg2 68. Rf6 Rg1 69. Rc6 Rg2 70. Rc3 Rg1 71. Rg3 Rc1 72. Kg4 Rc5 73. Re3 Rc1 74. Kg5 Rc5+ 75. Re5 Rc7 76. Kf6 Kh6 77. Re8 Rc6+ 78. Ke5 Rc1 79. Ra8 Rc5+ 80. Ke6 Rf5 81. Ra4 Rh5 82. Kf6 Rxh3 83. Ra8 Kh7 84. Ra7+ Kh6 85. Rg7 Rg3 86. f5 Rg1 87. Rxg6+ Rxg6+ 88. fxg6 1-0


[Site "https://www.chess.com"]

[Event "Titled Tuesday Blitz June 6 Early 2023"]
[White "Mladek, Richard"]
[Black "Radzhabov, Rodion"]
[WhiteFideId "386588"]
[BlackFideId "884715"]
[WhiteElo "2332"]
[BlackElo "2174"]
[Result "1-0"]
[Round "6"]
[TimeControl "180+2"]
[Date "2023.06.06"]
[WhiteClock "0:01:04"]
[BlackClock "0:00:09"]
[Board "56"]

1. d4 Nf6 2. c4 e6 3. Nc3 Bb4 4. e3 c5 5. Bd2 cxd4 6. exd4 d5 7. c5 Nc6 8. Nf3 O-O 9. Bb5 Bxc3 10. Bxc3 Ne4 11. Rc1 Nxc3 12. Rxc3 Qa5 13. Qa4 Qxa4 14. Bxa4 Ne7 15. b4 f6 16. Kd2 e5 17. dxe5 fxe5 18. Nxe5 Rxf2+ 19. Ke3 Rxa2 20. Bb3 Rxg2 21. b5 Be6 22. c6 bxc6 23. bxc6 Nf5+ 24. Kd3 Kf8 25. c7 Ke7 26. Nc6+ Kd6 27. Nd8 Rc8 28. Re1 Bg8 29. Nb7+ Kd7 30. Ba4# 1-0


[Site "https://www.chess.com"]

[Event "Titled Tuesday Blitz June 6 Early 2023"]
[White "Tokman, Ariel"]
[Black "Wagner, Dennis"]
[WhiteFideId "117420"]
[BlackFideId "24650684"]
[WhiteElo "2263"]
[BlackElo "2478"]
[Result "0-1"]
[Round "6"]
[TimeControl "180+2"]
[Date "2023.06.06"]
[WhiteClock "0:00:07"]
[BlackClock "0:00:12"]
[Board "57"]

1. d4 Nf6 2. c4 e6 3. Nc3 d5 4. Nf3 Bb4 5. Qa4+ Nc6 6. e3 O-O 7. Be2 Qe8 8. Qc2 dxc4 9. a3 Bd6 10. Nb5 e5 11. Nxd6 cxd6 12. Qxc4 Be6 13. Qc2 Rc8 14. Qd1 Na5 15. O-O Nb3 16. Rb1 Qa4 17. Nd2 Bf5 18. e4 Bxe4 19. Nxe4 Nxe4 20. Be3 exd4 21. Bf4 Rfd8 22. Bg4 Rc7 23. Re1 Nec5 24. Bg3 d3 25. h4 d2 26. Re2 Qxg4 0-1


[Site "https://www.chess.com"]

[Event "Titled Tuesday Blitz June 6 Early 2023"]
[White "Matinian, Nikita"]
[Black "feuervogel1000000"]
[WhiteFideId "24129100"]
[WhiteElo "2422"]
[BlackElo "2520"]
[Result "1-0"]
[Round "6"]
[TimeControl "180+2"]
[Date "2023.06.06"]
[WhiteClock "0:00:42"]
[BlackClock "0:00:02"]
[Board "58"]

1. e4 c5 2. Nf3 d6 3. d4 cxd4 4. Nxd4 Nf6 5. Nc3 a6 6. Bg5 e6 7. Qf3 Nbd7 8. O-O-O Qc7 9. Kb1 Be7 10. Qh3 b5 11. f4 Bb7 12. a3 h6 13. Bd3 O-O-O 14. Bxf6 Bxf6 15. Bxb5 axb5 16. Ndxb5 Qb6 17. Nxd6+ Kb8 18. Nxf7 Nc5 19. Nxd8 Nxe4 20. Na4 Qb5 21. Nxb7 Qxa4 22. Nd6 Nc3+ 23. Kc1 Qxf4+ 24. Rd2 Rd8 25. Qxe6 Bg5 26. Qb3+ 1-0


[Site "https://www.chess.com"]

[Event "Titled Tuesday Blitz June 6 Early 2023"]
[White "Reprintsev, Alexander"]
[Black "De La Colina, Nicolas"]
[WhiteFideId "14100541"]
[BlackFideId "30946921"]
[WhiteElo "2229"]
[BlackElo "2046"]
[Result "1/2-1/2"]
[Round "6"]
[TimeControl "180+2"]
[Date "2023.06.06"]
[WhiteClock "0:00:15"]
[BlackClock "0:00:05"]
[Board "59"]

1. e4 c5 2. b3 g6 3. Bb2 Nf6 4. e5 Nd5 5. Nc3 Nc7 6. d4 Bg7 7. Nf3 Nc6 8. dxc5 Nxe5 9. Nxe5 Bxe5 10. Qe2 Bg7 11. O-O-O Ne6 12. Ne4 Bxb2+ 13. Kxb2 Qa5 14. h4 h5 15. Qb5 Qc7 16. Rd5 b6 17. cxb6 axb6 18. Qc4 Qxc4 19. Bxc4 Bb7 20. Re5 d6 21. Rxe6 fxe6 22. Ng5 Bd5 23. Bd3 Rg8 24. f3 e5 25. Re1 Kd7 26. Bb5+ Bc6 27. Bc4 Rgf8 28. Bd3 Rf6 29. a4 Rg8 30. Re3 Rf4 31. g3 Rf6 32. c4 Rgf8 33. Be2 e6 34. Kc3 Rf5 35. Kd2 d5 36. Ke1 Kd6 37. Kf2 d4 38. Rd3 Kc5 39. Kg2 e4 40. fxe4 Rf2+ 41. Kh3 Rxe2 42. Nxe6+ Kd6 43. Nxf8 Be8 44. Rxd4+ Ke7 45. Nh7 Bd7+ 46. g4 Bxg4+ 47. Kg3 Re3+ 48. Kf4 Rxb3 49. Ng5 Rb4 50. Ke5 Rxa4 51. Kd5 Ra5+ 52. Kc6 Ra1 53. Kxb6 Rh1 54. Kc7 Rxh4 55. c5 Rh1 56. c6 Rc1 57. Rd6 Rc5 58. Rxg6 Bd1 59. Re6+ Kf8 60. Nh3 Bg4 61. Rf6+ Kg7 62. Rd6 Bxh3 63. Kd8 h4 64. c7 Bg4 65. Rd5 Rxd5+ 66. exd5 h3 67. d6 h2 68. d7 Bxd7 69. Kxd7 h1=Q 70. c8=Q Qd5+ 71. Kc7 Kf7 72. Qd7+ Qxd7+ 73. Kxd7 1/2-1/2


[Site "https://www.chess.com"]

[Event "Titled Tuesday Blitz June 6 Early 2023"]
[White "Janaszak, Dawid"]
[Black "Samunenkov, Ihor"]
[WhiteFideId "1119206"]
[BlackFideId "14187086"]
[WhiteElo "2220"]
[BlackElo "2457"]
[Result "0-1"]
[Round "6"]
[TimeControl "180+2"]
[Date "2023.06.06"]
[WhiteClock "0:00:05"]
[BlackClock "0:00:12"]
[Board "60"]

1. Nf3 d5 2. g3 c5 3. Bg2 Nc6 4. O-O e5 5. d3 Be7 6. e4 d4 7. a4 Be6 8. Nbd2 g5 9. Nc4 f6 10. h4 g4 11. Nh2 h5 12. f4 Qd7 13. fxe5 fxe5 14. a5 O-O-O 15. Rf5 Bxf5 16. exf5 Nf6 17. Bg5 Nd5 18. a6 b6 19. Bxe7 Ncxe7 20. f6 Nc6 21. Qe2 Rhf8 22. Nxe5 Qe6 23. Re1 Qxe5 24. Qxe5 Nxe5 25. Rxe5 Nxf6 26. Re7 Rd7 27. Re6 Kd8 28. Nf1 Re7 29. Rd6+ Kc7 30. Rc6+ Kd7 31. Nd2 Re2 32. Rxf6 Rxf6 33. Ne4 Rf8 34. c3 Rxb2 35. cxd4 cxd4 36. Ng5 Rff2 37. Be4 Rfd2 38. Bf5+ Kc7 39. Ne6+ Kd6 0-1


[Site "https://www.chess.com"]